 Dungeon Crawl Stone Soup version 0.31-a0-986-g5e6e4ef867 (webtiles) character file.

Game seed: 6876311070999746182

2368 strifetoe the Nimble (level 9, 0/68 HPs)
             Began as a Djinni Earth Elementalist on Nov 14, 2023.
             Was a Believer of Makhleb.
             Killed from afar by a white imp (10 damage)
             ... with a puff of frost
             ... on level 6 of the Dungeon on Nov 15, 2023.
             The game lasted 00:16:20 (6569 turns).

strifetoe the Nimble (Djinni Earth Elementalist)    Turns: 6569, Time: 00:16:20

Health: 0/68       AC:  9    Str:  9    XL:     9   Next: 72%
Gold:   274        EV: 20    Int: 18    God:    Makhleb [**....] SH:  0 Dex: 15

rFire   + . .        a - staff of earth
rCold   x . .        (no shield)
rNeg    . . .        k - +3 leather armour of the Iron City of Dis {rElec rF- Stlth+}
rPois   ∞            (no helmet)
rElec   +            (no cloak)
rCorr   .            c - +2 pair of gloves
SInv    .            (boots unavailable)
Will    .....        (no amulet)
Stlth   +++          q - +5 ring of evasion
HPRegen 0.31/turn    (no ring)
MPRegen 0.00/turn

%: infuse magic (-1 HP)
@: flying
A: sickness immunity, fire resistance 2, cold vulnerability 1, float, innate
caster, HP casting, extra vitality 1
a: Renounce Religion, Minor Destruction


You were on level 6 of the Dungeon.
You worshipped Makhleb.
Makhleb was pleased with you.
You visited 2 branches of the dungeon, and saw 7 of its levels.
You also visited: Sewer.

You collected 358 gold pieces.
You spent 84 gold pieces at shops.

Inventory:

Hand Weapons
 b - a +1 dagger
 d - the +5 hand axe "Vodumix" {elec, Contam +Blink rCorr Dex+4}
   (You found it on level 3 of the Dungeon)

   Dex+4:     It affects your dexterity (+4).
   +Blink:    It lets you blink.
   Contam:    It causes magical contamination when unequipped.
   rCorr:     It protects you from acid and corrosion.
 l - a +3 whip
Missiles
 n - a throwing net
Armour
 c - a +2 pair of gloves (worn)
 h - the +0 scale mail "Lucwisyi" {rPois rC++ rCorr Str-4}
   (You found it on level 2 of the Dungeon)

   Str-4:     It affects your strength (-4).
   rC++:      It greatly protects you from cold.
   rPois:     It protects you from poison rCorr: It protects you from acid and
   corrosion.
 k - the +3 leather armour of the Iron City of Dis (worn) {rElec rF- Stlth+}
   (You found it on level 2 of the Dungeon)

   rF-:       It makes you vulnerable to fire.
   rElec:     It insulates you from electricity.
   Stlth+:    It makes you more stealthy.
Magical Staves
 a - a staff of earth (weapon)
Jewellery
 q - a +5 ring of evasion (left hand)
 y - the ring "Olaesipt" {Ice rCorr Int+4 Dex-4}
   (You found it on level 6 of the Dungeon)

   [ring of ice]

   Ice:       It enhances your ice magic.
   Int+4:     It affects your intelligence (+4).
   Dex-4:     It affects your dexterity (-4).
   rF-:       It makes you vulnerable to fire.
   rC+:       It protects you from cold.
   rCorr:     It protects you from acid and corrosion.
Wands
 v - a wand of polymorph (8)
Scrolls
 e - a scroll of vulnerability {unknown}
 m - a scroll of butterflies {unknown}
 o - a scroll of blinking {unknown}
 p - 2 scrolls of enchant weapon
 u - a scroll of silence {unknown}
 w - a scroll of immolation {unknown}
Potions
 f - 3 potions of heal wounds
 g - a potion of brilliance
 i - 3 potions of curing
 j - a potion of attraction {unknown}
 r - 2 potions of haste {unknown}
 t - a potion of might
 x - a potion of mutation {unknown}


   Skills:
 + Level 7.1 Fighting
 + Level 8.2 Dodging
 - Level 1.5 Stealth
 - Level 6.0 Spellcasting
 - Level 6.0 Conjurations
 - Level 6.0 Hexes
 - Level 6.0 Summonings
 - Level 6.0 Necromancy
 - Level 6.0 Translocations
 - Level 6.0 Transmutations
 - Level 6.0 Fire Magic
 - Level 6.0 Ice Magic
 - Level 6.0 Air Magic
 - Level 6.0 Earth Magic
 - Level 6.0 Poison Magic


You knew the following spells:

 Your Spells              Type           Power      Damage    Failure   Level
a - Sandblast             Erth           80%        2d17      1%          1
b - Passwall              Tmut/Erth      33%        N/A       2%          2
c - Stone Arrow           Conj/Erth      80%        3d12      4%          3
d - Petrify               Tmut/Erth      40%        N/A       14%         4
e - Brom's Barrelling Bo  Conj/Erth      40%        2d6       14%         4
f - Apportation           Tloc           54%        N/A       1%          1
g - Jinxbite              Hex            54%        N/A       2%          2
h - Frozen Ramparts       Ice            54%        1d9       4%          3
i - Vhi's Electric Charg  Tloc/Air       54%        N/A       14%         4
Your spell library was empty.

Dungeon Overview and Level Annotations

Branches:
Dungeon (6/15)             Temple (1/1) D:4           Sewer (visited)

Altars:
Ashenzari
Cheibriados
Dithmenos
Elyvilon
Fedhas
Gozag
Hepliaklqana
Makhleb
Nemelex Xobeh
Okawaru
Qazlal
Ru
Trog
Wu Jian
Xom
Yredelemnul
Zin
The Shining One

Shops:
D:1 (   D:4 =[:   D:5 !   D:6 ?

Annotations:
D:6 1 runed translucent door, Crazy Yiuf


Innate Abilities, Weirdness & Mutations

You are immune to sickness and miasma.
You are immune to poison.
Your flesh is very heat resistant. (rF++)
You are vulnerable to cold. (rC-)
You float through the air rather than walking.
You learn spells naturally, not from books.
Your magical power is your life essence.
You have superior vitality. (+4 MHP)


Message History

Okay, then.
As you read the scroll of fear, it crumbles to dust.
You assume a fearsome visage.
The orc looks frightened! x2
The gnoll sergeant looks frightened!
The gnoll looks frightened! x2
The two-headed ogre looks frightened!
The wall freezes the two-headed ogre but does no damage.
The wall freezes something but does no damage.
The wall freezes the gnoll sergeant.
Your attack snaps the gnoll sergeant out of its fear.
Unknown command.
Casting: Brom's Barrelling Boulder (dangerous; 14% risk of failure)
Confirm with . or Enter, or press ? or * to list all spells.
Aiming: Sandblast (safe; 1% risk of failure)
Press: ? - help, Shift-Dir - straight line, f - orc
Aim: an orc, wielding a +0 mace (85% to hit)
You feel a surge of power!
The blast of sand hits the orc!
You kill the orc!
Makhleb accepts your kill.
You feel better.
* * * LOW HITPOINT WARNING * * *
The wall freezes the gnoll sergeant but does no damage.
Cornered, the orc turns to fight!
Cornered, the gnoll turns to fight!
The wall freezes the white imp but does no damage.
The wall freezes the gnoll sergeant but does no damage.
The gnoll sergeant closely misses you.
Your magical contamination has completely faded away.
The frozen ramparts melt away as you move.
The gnoll sergeant attacks as it pursues you!
The gnoll sergeant completely misses you.
The gnoll sergeant closely misses you. The white imp gestures at you.
The puff of frost hits you!
You feel a terrible chill!
* * * LOW HITPOINT WARNING * * *
The gnoll sergeant attacks as it pursues you!
The gnoll sergeant completely misses you.
The gnoll sergeant attacks as it pursues you!
The gnoll sergeant completely misses you.
The white imp gestures at you. The puff of frost hits you!
You feel a terrible chill!
You die...

#..........#.....##.##.#.#o..gg).
#.##...##............#.#.# .g....
#.#######.##..#...##.#.#.## ..###
#..........#..............# .h).
#..........#.....###...:..# ..o
#..........#....######....### .o
...........#..............#.# ##)
#..........>....#####.....#.###))
#..........#....@..g......).##og#
#..........#...####...5o..#..5.##
#..........#<..# ####......##.#
#.######.......#########..#(##.#
..# #.####.......# ##.#.##.# ###
####.# #..####.# #.#.##.# #....#
##.## #.## #......# ####.#
#..#####..# ###.#### ########.#
#.8.<.∩.8.# ###


You could see a gnoll sergeant, a white imp and an orc.

Vanquished Creatures
  2 water moccasins
  Pargi (Sewer)
  4 ice beasts
  A black bear (D:5)
  2 ogres
  A sky beast (D:5)
  A centaur (D:6)
  2 phantoms (D:6)
  A kobold brigand (D:6)
  3 bullfrogs (D:6)
  2 scorpions (D:5)
  3 hounds
  2 orc priests (D:6)
  A sleepcap (D:5)
  2 jellies
  Ijyb (D:5)
  3 iguanas
  6 orc wizards
  5 gnolls
  A river rat (D:3)
  2 white imps
  4 ufetubi (D:6)
  4 worms
  5 dart slugs
  16 orcs
  4 ball pythons
  6 bats
  9 endoplasms
  9 giant cockroaches
  13 goblins
  4 hobgoblins
  3 jackals (D:5)
  11 kobolds
  5 quokkas
  11 frilled lizards
  3 rats
153 creatures vanquished.

Vanquished Creatures (others)
  A boulder (D:6)
1 creature vanquished.

Grand Total: 154 creatures vanquished

Notes
Turn   | Place    | Note
-------+----------+-------------------------------------------
     0 | D:1      | strifetoe the Djinni Earth Elementalist began the quest for
                  | the Orb.
     0 | D:1      | strifetoe set off with the following spells memorised:
                  | Sandblast, Passwall, Stone Arrow, Petrify, Brom's
                  | Barrelling Boulder.
     0 | D:1      | Reached XP level 1. HP: 15/15 MP: 0/0
   168 | D:1      | Found Lyreg's Weapon Shoppe.
   233 | D:1      | Reached XP level 2. HP: 14/21 MP: 0/0
   812 | D:1      | Reached XP level 3. HP: 24/25 MP: 0/0
   812 | D:1      | Learned a level 1 spell: Apportation
  1204 | D:2      | Identified the +0 scale mail "Lucwisyi" {rPois rC++ rCorr
                  | Str-4}
  1394 | D:2      | Identified the +3 leather armour of the Iron City of Dis
                  | {rElec rF- Stlth+}
  1523 | D:2      | Reached XP level 4. HP: 21/31 MP: 0/0
  2237 | D:3      | Reached XP level 5. HP: 35/35 MP: 0/0
  2237 | D:3      | Learned a level 2 spell: Jinxbite
  2455 | D:3      | Identified the +5 hand axe "Vodumix" {elec, Contam +Blink
                  | rCorr Dex+4}
  2506 | D:3      | Noticed an ice beast
  2514 | D:3      | Killed an ice beast
  2515 | D:3      | Reached skill level 5 in Spellcasting
  2515 | D:3      | Reached skill level 5 in Conjurations
  2515 | D:3      | Reached skill level 5 in Hexes
  2515 | D:3      | Reached skill level 5 in Summonings
  2515 | D:3      | Reached skill level 5 in Necromancy
  2515 | D:3      | Reached skill level 5 in Translocations
  2515 | D:3      | Reached skill level 5 in Transmutations
  2515 | D:3      | Reached skill level 5 in Fire Magic
  2515 | D:3      | Reached skill level 5 in Ice Magic
  2515 | D:3      | Reached skill level 5 in Air Magic
  2515 | D:3      | Reached skill level 5 in Earth Magic
  2515 | D:3      | Reached skill level 5 in Poison Magic
  2515 | D:3      | Reached XP level 6. HP: 10/40 MP: 0/0
  2840 | D:3      | Found a glowing drain.
  2863 | Sewer    | Entered a sewer
  2927 | Sewer    | Noticed Pargi
  2959 | Sewer    | Killed Pargi
  3450 | D:4      | Found Labuakh's Jewellery Emporium.
  3450 | D:4      | Found Woillury's Antique Armour Emporium.
  3450 | D:4      | Found Vowoes's Book Emporium.
  3607 | D:4      | Noticed an ogre
  3613 | D:4      | Killed an ogre
  3614 | D:4      | Reached XP level 7. HP: 26/45 MP: 0/0
  3614 | D:4      | Learned a level 3 spell: Frozen Ramparts
  3742 | D:4      | Found an iron altar of Okawaru.
  3743 | D:4      | Found a hazy altar of Hepliaklqana.
  3743 | D:4      | Found an ornate altar of the Wu Jian Council.
  3838 | D:4      | Noticed a water moccasin
  3845 | D:4      | Killed a water moccasin
  3846 | D:4      | Reached skill level 1 in Fighting
  3846 | D:4      | Reached skill level 3 in Dodging
  3927 | D:4      | Found a staircase to the Ecumenical Temple.
  3943 | Temple   | Entered the Ecumenical Temple
  4108 | Temple   | Became a worshipper of Makhleb the Destroyer
  4291 | D:4      | Found a broken altar of Ashenzari.
  4537 | D:5      | Entered Level 5 of the Dungeon
  4542 | D:5      | Noticed a water moccasin
  4548 | D:5      | Reached skill level 4 in Dodging
  4548 | D:5      | Reached XP level 8. HP: 49/56 MP: 0/0
  4811 | D:5      | Noticed Ijyb
  4816 | D:5      | Killed Ijyb
  4967 | D:5      | Found Fuvarchi's Distillery.
  4973 | D:5      | Bought 2 potions of curing for 84 gold pieces
  5219 | D:5      | Reached skill level 5 in Dodging
  5253 | D:5      | Reached * piety under Makhleb
  5261 | D:5      | Reached skill level 6 in Dodging
  5301 | D:5      | Reached skill level 5 in Fighting
  5748 | D:6      | Found Noraepnowk's Magic Scroll Emporium.
  5856 | D:6      | Reached XP level 9. HP: 44/65 MP: 0/0
  5856 | D:6      | Learned a level 4 spell: Vhi's Electric Charge
  6011 | D:6      | Reached skill level 7 in Dodging
  6150 | D:6      | Found a sparkling altar of Nemelex Xobeh.
  6403 | D:6      | Found a runed translucent door.
  6404 | D:6      | Noticed Crazy Yiuf
  6527 | D:6      | Identified the ring "Olaesipt" {Ice rCorr Int+4 Dex-4}
  6537 | D:6      | Noticed a two-headed ogre
  6543 | D:6      | Reached skill level 8 in Dodging
  6547 | D:6      | Reached ** piety under Makhleb
  6569 | D:6      | Killed from afar by a white imp

Illustrated notes

Levels and vault maps discovered:
D:1:      dpeg_arrival_rhombus, layout_loops_corners, serial_shops, shop,
          minivault_5
D:2:      layout_basic
D:3:      layout_loops_corners, portal_sewer_entry_b
D:4:      layout_rooms, ashenzari_altar_1,
          chequers_temple_overflow_statue_of_worship,
          minmay_temple_entry_drinking_statues, minmay_tree_intersection,
          nicolae_shop_distant_corner_stores, grunt_ministairs_11, minivault_11,
          nrook_mini_vaults
D:5:      minmay_diamond_boxcup, layout_basic, serial_shops, shop, uniq_ijyb
D:6:      minmay_skewed_foursquare, layout_basic, nemelex_spade_bored_becter,
          serial_shops, shop_statue, grunt_potential, uniq_crazy_yiuf_cottage
Temple:   nicolae_temple_elliptical

Skill      XL: |  1  2  3  4  5  6  7  8  9 |
---------------+----------------------------+-----
Spellcasting   | 4 5 6 |  6.0
Conjurations   | 4 5 6 |  6.0
Hexes          | 4 5 6 |  6.0
Summonings     | 4 5 6 |  6.0
Necromancy     | 4 5 6 |  6.0
Translocations | 4 5 6 |  6.0
Transmutations | 4 5 6 |  6.0
Fire Magic     | 4 5 6 |  6.0
Ice Magic      | 4 5 6 |  6.0
Air Magic      | 4 5 6 |  6.0
Earth Magic    | 4 5 6 |  6.0
Poison Magic   | 4 5 6 |  6.0
Fighting       | 3 5 7 |  7.1
Dodging        | 4 6 8 |  8.2
Stealth        | |  1.5

Action                     |  1- 3 |  4- 6 |  7- 9 || total
---------------------------+-------+-------+-------++-------
  Melee: Dagger            |       |    15 |    27 ||    42
   Cast: Sandblast         |    45 |    82 |   108 ||   235
         Jinxbite          |       |     1 |       ||     1
         Stone Arrow       |       |       |    23 ||    23
         Frozen Ramparts   |       |       |     3 ||     3
         Brom's Barrelling |       |       |     1 ||     1
    Use: Scroll            |       |     7 |     2 ||     9
   Stab: Sleeping          |       |     1 |       ||     1
 Armour: Robe              |     2 |       |       ||     2
         Leather armour    |     9 |    27 |    69 ||   105
  Dodge: Dodged            |     6 |    22 |    76 ||   104

Table legend: (Time is in decaauts)
 A = Elapsed time spent in this place.
 B = Non-inter-level travel time spent in this place.
 C = Inter-level travel time spent in this place.
 D = Time resting spent in this place.
 E = Time spent auto-exploring this place.
 F = Levels seen in this place.
 G = Mean time per level.
                   A        B        C        D        E       F      G
               +--------+--------+--------+--------+--------+-----+--------+
         Total |   6685 |   6432 |    253 |    842 |   4495 |   8 |  835.6 |
       Dungeon |   6224 |   5993 |    231 |    715 |   4335 |   6 | 1037.3 |
        Temple |    186 |    164 |     22 |     89 |      0 |   1 |  186.0 |
         Sewer |    274 |    274 |      0 |     38 |    160 |   1 |  274.0 |
               +--------+--------+--------+--------+--------+-----+--------+

Top non-repeatable levels by time:
     D:5: 1216 daAuts
     D:1: 1189 daAuts
     D:2: 1070 daAuts
     D:3: 1008 daAuts
     D:4: 890 daAuts
     D:6: 849 daAuts
   Sewer: 274 daAuts
  Temple: 186 daAuts
